 Dungeon Crawl Stone Soup version 0.21.1-1-g345015f (webtiles) character file.

755 reaper779 the Conjurer (level 7, -2/54 HPs)
             Began as a Deep Elf Fire Elementalist on Apr 15, 2018.
             Incinerated by reaper779's ghost (4 damage)
             ... with a sticky flame
             ... on level 5 of the Dungeon.
             The game lasted 00:16:02 (4711 turns).

reaper779 the Conjurer (Deep Elf Fire Elementalist) Turns: 4711, Time: 00:16:03

Health: -2/54      AC: 23    Str: 10    XL:     7   Next: 49%
Magic:  16/16      EV:  2    Int: 22    God:
Gold:   165        SH:  0    Dex: 18    Spells: 0/16 levels left

rFire    . . .     SeeInvis .   (no weapon)
rCold    + . .     Gourm    .   (no shield)
rNeg     + + +     Faith    .   (armour currently unavailable)
rPois    +         Spirit   .   (helmet currently unavailable)
rElec    .         Reflect  .   (cloak currently unavailable)
rCorr    .         Harm     .   (gloves currently unavailable)
MR       .....     NoTele   +   (boots currently unavailable)
Stlth    +.........             (no amulet)
HPRegen  0.18/turn              r - +3 ring of dexterity
MPRegen  0.15/turn              v - ring of protection from cold

@: mighty, liquid flames, tree-form, glowing
A: no striking features
a: no special abilities


You were on level 5 of the Dungeon.
You were not hungry.
You were a tree.
You visited 2 branches of the dungeon, and saw 6 of its levels.

You collected 330 gold pieces.
You spent 165 gold pieces at shops.

Inventory:

Hand Weapons
 k - a +0 dagger
Missiles
 e - 19 poisoned needles
Armour
 a - a +0 robe (melded)
 f - a +2 helmet (melded)
 o - a +3 buckler
 s - a +0 pair of gloves (melded)
Jewellery
 r - a +3 ring of dexterity (left branch)
 v - a ring of protection from cold (right branch)
 z - a cursed ring of teleportation {unknown}
Wands
 t - a wand of polymorph (8)
Scrolls
 b - a scroll of immolation {unknown}
 l - a scroll of teleportation
 p - 4 scrolls of remove curse
 x - a scroll of fear
 y - a scroll of amnesia {unknown}
Potions
 g - 2 potions of degeneration
 h - a potion of ambrosia
 i - a potion of lignification
 j - a potion of might
 m - a potion of mutation {unknown}
 n - a potion of berserk rage {unknown}
 q - 2 potions of haste
 u - 2 potions of agility {unknown}
 w - a potion of brilliance {unknown}
Comestibles
 c - 4 rations
 d - a chunk of flesh


   Skills:
 - Level 2.4 Dodging
 - Level 2.4 Stealth
 + Level 1.6 Shields
 - Level 5.0 Spellcasting
 * Level 7.1 Conjurations
 - Level 5.0 Fire Magic


You couldn't memorise any spells.
You knew the following spells:

 Your Spells              Type           Power        Failure   Level  Hunger
a - Flame Tongue          Conj/Fire      ####.        1%          1    None
b - Conjure Flame         Conj/Fire      ####....     2%          3    ##.....
c - Inner Flame           Hex/Fire       ###.....     11%         3    ##.....
d - Sticky Flame          Conj/Fire      ####....     9%          4    ####...
e - Fireball              Conj/Fire      ####......   22%         5    #####..


Dungeon Overview and Level Annotations

Branches:
Dungeon (5/15)             Temple (1/1) D:4

Altars:
Ashenzari
Dithmenos
Elyvilon
Fedhas
Gozag
Hepliaklqana
Kikubaaqudgha
Makhleb
Nemelex Xobeh
Okawaru
Qazlal
Ru
Trog
Uskayaw
Vehumet
Wu Jian
Yredelemnul
The Shining One

Shops:
D:5 *

Annotations:
D:5 reaper779's ghost, amateur DEFE


Message History

You hit reaper779's ghost.
Reaper779's ghost is lightly damaged.
You are covered in liquid flames!
* * * LOW HITPOINT WARNING * * *
Reaper779's ghost casts a spell at you. The flame tongue hits you!
You barely miss reaper779's ghost.
Reaper779's ghost is lightly damaged.
You are covered in liquid flames!
* * * LOW HITPOINT WARNING * * *
Reaper779's ghost hits you but does no damage.
You closely miss reaper779's ghost.
Reaper779's ghost is lightly damaged.
You are covered in liquid flames!
* * * LOW HITPOINT WARNING * * *
Reaper779's ghost hits you but does no damage.
You barely miss reaper779's ghost.
Reaper779's ghost is lightly damaged.
You are covered in liquid flames!
You die...

## #### .# ...# .# ...#
.### ...# ..# ...# #.#
##### ...###
##.####...... ...'.#
##....♣W......
...########..#####..#'#.
...####.[....# .'_'
...#.........# #'#.
...#.........# ..
...#....###### .
####....# #....# #....#


You could see reaper779's ghost.

Vanquished Creatures
  A sky beast (D:5)
  2 ogres
  A scorpion (D:4)
  An orc priest (D:4)
  2 orc wizards
  Jessica (D:3)
  An iguana (D:3)
  3 worker ants
  A hound skeleton (D:5)
  9 adders
  3 shadow imps (D:5)
  An ooze (D:3)
  10 worms
  7 leopard geckos
  17 orcs
  4 giant cockroaches
  6 hobgoblins
  3 jackals (D:2)
  A quokka (D:3)
  6 bats
  7 frilled lizards
  5 goblins
  7 kobolds
  7 rats
106 creatures vanquished.

Notes
Turn   | Place    | Note
-------+----------+-------------------------------------------
     0 | D:1      | reaper779 the Deep Elf Fire Elementalist began the quest for the Orb.
     0 | D:1      | Reached XP level 1. HP: 10/10 MP: 6/6
   153 | D:1      | Reached XP level 2. HP: 15/15 MP: 5/9
   670 | D:2      | Reached skill level 5 in Spellcasting
   670 | D:2      | Reached XP level 3. HP: 18/19 MP: 4/11
   675 | D:2      | Learned a level 3 spell: Conjure Flame
   679 | D:2      | Learned a level 3 spell: Inner Flame
  1088 | D:2      | Found a glowing golden altar of the Shining One.
  1296 | D:2      | Reached skill level 2 in Conjurations
  1297 | D:2      | Reached XP level 4. HP: 24/24 MP: 9/13
  1473 | D:2      | You fall through a shaft!
  1515 | D:3      | Found an ancient bone altar of Kikubaaqudgha.
  1589 | D:3      | Found an iron altar of Okawaru.
  1649 | D:3      | Noticed Jessica
  1673 | D:3      | Killed Jessica
  1673 | D:3      | Reached skill level 3 in Conjurations
  1673 | D:3      | Reached XP level 5. HP: 28/28 MP: 6/14
  1687 | D:3      | Learned a level 4 spell: Sticky Flame
  1877 | D:3      | Found a sacrificial altar of Ru.
  2184 | D:3      | Found a sparkling altar of Nemelex Xobeh.
  2184 | D:3      | Found an opulent altar of Gozag.
  2393 | D:3      | Reached skill level 5 in Fire Magic
  2616 | D:4      | Found a staircase to the Ecumenical Temple.
  2649 | D:4      | Reached skill level 4 in Conjurations
  2649 | D:4      | Reached XP level 6. HP: 32/32 MP: 9/15
  2662 | Temple   | Entered the Ecumenical Temple
  3009 | D:4      | Found a blossoming altar of Fedhas.
  3074 | D:4      | Reached skill level 5 in Conjurations
  3460 | D:4      | Reached skill level 6 in Conjurations
  3866 | D:4      | Found a hide-covered altar of Uskayaw.
  3978 | D:5      | Entered Level 5 of the Dungeon
  4080 | D:5      | Found Uniblaem's Assorted Antiques.
  4083 | D:5      | Bought a scroll of identify for 66 gold pieces
  4083 | D:5      | Bought a scroll of teleportation for 99 gold pieces
  4130 | D:5      | Reached XP level 7. HP: 36/36 MP: 13/16
  4137 | D:5      | Learned a level 5 spell: Fireball
  4531 | D:5      | Reached skill level 1 in Shields
  4573 | D:5      | Reached skill level 7 in Conjurations
  4699 | D:5      | Noticed reaper779's ghost (amateur DEFE)
  4701 | D:5      | Found a radiant altar of Vehumet.
  4710 | D:5      | HP: 2/54 [burnt (5)]
  4711 | D:5      | Incinerated by reaper779's ghost

Skill      XL: |  1  2  3  4  5  6  7 |
---------------+----------------------+-----
Spellcasting   | 4 5 |  5.0
Conjurations   | 2 3 4 6 7 |  7.1
Fire Magic     | 4 5 |  5.0
Shields        | 1 |  1.6
Dodging        | |  2.4
Stealth        | |  2.4

Action                   |  1- 3 |  4- 6 |  7- 9 || total
-------------------------+-------+-------+-------++-------
Melee: Dagger            |     3 |    12 |       ||    15
       Unarmed           |       |       |     6 ||     6
 Cast: Flame Tongue      |    67 |   141 |    22 ||   230
       Sticky Flame      |       |     1 |     1 ||     2
       Inner Flame       |       |     1 |       ||     1
       Conjure Flame     |       |       |     1 ||     1
Evoke: Wand              |       |       |     7 ||     7
  Use: Scroll            |     7 |     8 |       ||    15
       Potion            |       |     1 |     2 ||     3
 Stab: Sleeping          |     1 |     2 |       ||     3
  Eat: Chunk             |     1 |     6 |       ||     7
       Ration            |       |     1 |     1 ||     2
Armor: Robe              |     9 |    12 |     5 ||    26
       Skin              |       |     9 |     7 ||    16
Dodge: Dodged            |    22 |    33 |     4 ||    59
